AoeStats
← OM | Kerry Copyto

African Clearing

506536026Analyzed
4v4 RM · 19d ago on Sep 13, 2026· 72m 33s· 8 players
Game mode
Random Map
Map size
Large (8 player)
Population
200
Speed
Normal
Resources
Standard
Victory
Conquest
Starting age
Dark Age
Ending age
Imperial Age
RankedLock teamsTeams togetherTeam positionsShared explorationLock speedFull tech treeHidden civsTurbo modeCheats
Victory
Defeat
🇦🇷 Italians · Argentina
1546
+10
🇦🇷 Spanish · Argentina
1507
+12
🇦🇷 Persians · Argentina
1347
+18
🇨🇱 Bulgarians · Chile
1345
+18
🇲🇽 Vietnamese · Mexico
1473
-17
🇲🇽 Franks · Mexico
1417
-15
🇲🇽 Aztecs · Mexico
1377
-13
🇲🇽 Muisca · Mexico
1361
-13
OM | Romeo D. Sins
3:11 Loom
12:26 Feudal Age
13:09 Double-Bit Axe
15:32 Forging
16:22 Town Watch
19:51 Wheelbarrow
19:10 Gold Mining
23:33 Castle Age
22:15 Scale Mail Armor
24:52 Iron Casting
24:34 Chain Mail Armor
25:00 Squires
25:48 Bow Saw
30:03 #83
30:04 Arson
33:10 Gambesons
33:49 Fletching
34:31 Bodkin Arrow
38:55 Stone Mining
41:45 Imperial Age
41:37 Gold Shaft Mining
42:57 Plate Mail Armor
41:51 Elite Throwing Axeman
43:55 Blast Furnace
50:04 Conscription
52:26 Ballistics
52:01 Murder Holes
54:18 Hand Cart
53:32 Light Cavalry
54:12 Husbandry
56:01 Husbandry
56:37 Siege Engineers
57:21 Padded Archer Armor
58:53 Leather Archer Armor
58:58 Scale Barding Armor
60:06 Chemistry
60:13 Chain Barding Armor
60:36 Town Patrol
64:02 Town Patrol
OM | Massiosare
4:49 Loom
13:15 Feudal Age
16:54 Arson
17:57 Forging
17:48 Scale Mail Armor
18:25 Man-at-Arms
29:23 Castle Age
27:48 Horse Collar
28:01 Gold Mining
29:57 Long Swordsman
30:25 Gambesons
31:25 Iron Casting
31:21 Squires
32:43 Double-Bit Axe
34:11 Chain Mail Armor
33:46 Eagle Warrior
42:29 Bow Saw
43:41 Wheelbarrow
42:52 Town Watch
45:14 Heavy Plow
45:52 Gold Shaft Mining
45:19 Stone Mining
45:46 Hand Cart
50:38 Imperial Age
52:03 Garland Wars
52:57 Blast Furnace
51:32 Two-Handed Swordsman
51:40 Capped Ram
52:45 Pikeman
54:11 Plate Mail Armor
53:18 Champion
56:55 Elite Skirmisher
66:27 Elite Eagle Warrior
Nataly_
3:30 Loom
14:17 Feudal Age
14:45 Double-Bit Axe
14:28 Champi Runner
30:15 Wheelbarrow
34:15 Castle Age
33:24 Fletching
33:18 Horse Collar
39:12 Bow Saw
40:57 Bodkin Arrow
42:52 Gold Mining
42:53 Stone Mining
47:08 Imperial Age
45:28 Heavy Plow
45:48 Hand Cart
45:48 Padded Archer Armor
46:10 Ballistics
46:52 Leather Archer Armor
OM | Kerry Copyto
3:35 Loom
12:59 Feudal Age
24:21 Double-Bit Axe
32:20 Castle Age
30:23 Fletching
30:34 Padded Archer Armor
30:45 Horse Collar
30:58 Gold Mining
33:27 Wheelbarrow
32:38 Town Watch
32:59 Bodkin Arrow
32:38 Crossbowman
40:37 Leather Archer Armor
40:11 Elite Skirmisher
46:46 Imperial Age
44:22 Thumb Ring
45:59 Ballistics
46:48 Arbalester
47:34 Bracer
48:36 Chemistry
50:58 Bow Saw
53:22 Ring Archer Armor
53:59 Town Watch
54:30 Hand Cart
54:06 Arbalester
54:07 Imperial Skirmisher
57:16 Scale Barding Armor
57:22 Forging
57:58 Town Patrol
58:14 Husbandry
58:25 Bloodlines
57:35 Light Cavalry
61:11 Chain Barding Armor
63:30 Plate Barding Armor
63:31 Iron Casting
64:37 Paper Money
64:38 Stone Mining
65:36 Scale Mail Armor
67:03 Stone Shaft Mining
66:40 Elite Rattan Archer
70:15 Chain Mail Armor
恋蔓 | Yadranik
8:42 Loom
12:59 Feudal Age
17:49 Castle Age
18:08 Pikeman
42:08 Wheelbarrow
47:57 Imperial Age
46:21 Double-Bit Axe
46:50 Scale Barding Armor
47:39 Forging
47:50 Chain Barding Armor
48:40 Iron Casting
48:19 Husbandry
48:29 Bloodlines
47:40 Light Cavalry
48:45 Stirrups
49:13 Conscription
49:04 Cavalier
49:45 Scale Mail Armor
50:24 Plate Barding Armor
50:26 Gold Mining
50:19 Hussar
55:01 Blast Furnace
55:45 Horse Collar
63:01 Onager
63:46 Capped Ram
67:54 Gold Shaft Mining
72:07 Scale Mail Armor
Dino_Mate
10:49 Loom
12:34 Feudal Age
14:12 Double-Bit Axe
16:56 Castle Age
16:41 Fletching
18:00 Bow Saw
18:17 Gold Mining
18:28 Bodkin Arrow
21:03 Padded Archer Armor
23:36 Horse Collar
26:54 Wheelbarrow
26:17 Stone Mining
28:05 Ballistics
34:12 Imperial Age
33:07 Leather Archer Armor
34:14 Thumb Ring
35:04 Bracer
35:41 Conscription
37:14 Chemistry
38:37 Elite Genoese Crossbowman
40:40 Guilds
41:25 Ring Archer Armor
46:41 Masonry
53:39 Crossbowman
54:24 Arbalester
55:19 Pirotechnia
56:47 Elite Skirmisher
60:37 Caravan
61:10 Coinage
61:23 Silk Road
62:00 Stone Shaft Mining
63:25 Caravan
69:32 Treadmill Crane
70:23 Architecture
The Manko
10:35 Loom
14:44 Feudal Age
15:10 Double-Bit Axe
23:43 Bloodlines
24:48 Horse Collar
24:57 Town Watch
26:19 Forging
26:29 Scale Barding Armor
33:36 Fletching
37:58 Castle Age
37:28 Gold Mining
39:18 Iron Casting
45:49 Bow Saw
46:22 Husbandry
46:57 Chain Barding Armor
47:57 Wheelbarrow
48:39 Gold Shaft Mining
56:08 Hand Cart
58:33 Imperial Age
57:24 Town Patrol
58:18 Heavy Plow
61:35 Cavalier
63:27 Savar
69:59 Blast Furnace
70:31 Plate Barding Armor
[VA] Tano_Pacman
7:16 Loom
11:45 Feudal Age
11:51 Man-at-Arms
14:27 Town Watch
17:37 Scale Barding Armor
20:59 Wheelbarrow
21:27 Forging
26:33 Castle Age
26:06 Double-Bit Axe
26:02 Horse Collar
27:34 Bow Saw
26:59 Light Cavalry
34:48 Stone Mining
37:21 Fletching
38:18 Bodkin Arrow
39:32 Heavy Plow
46:22 Imperial Age
43:49 Gold Mining
44:31 Hand Cart
45:20 Bloodlines
45:11 Husbandry
45:12 Scale Mail Armor
45:15 Padded Archer Armor
46:22 Masonry
46:50 Leather Archer Armor
46:30 Capped Ram
48:09 Ring Archer Armor
47:01 Elite Conquistador
51:18 Chemistry
50:49 Architecture
51:26 Conscription
51:28 Supremacy
52:02 Coinage
52:03 Bracer
53:02 Stone Shaft Mining
53:34 Banking
55:10 Bombard Tower
55:11 Ballistics
57:04 Iron Casting
56:49 Chain Barding Armor
56:26 Murder Holes
56:22 Guard Tower
56:18 Arrowslits
59:06 Plate Barding Armor
59:32 Blast Furnace
61:49 Siege Ram
71:36 Scale Mail Armor
71:48 Fortified Wall
Connection lost

Rejoining the realm…

Still unreachable

The connection could not be restored.

Session expired

The server has moved on; the page needs a fresh start.